[ PARTIDA AOE2 · #469928229 ]
UnrankedFrancos vs Lithuanians
Equipo del jugador · VICT
Equipo rival · DERR
[ ANÁLISIS DE REPETICIÓN · EXTRAÍDO DE LA PARTIDA GRABADA ]
Feudal
10:29
Castillos
21:28
Imperial
39:34
| APM promedio | 50.6 |
| APM pico | 82 |
| eAPM promedio | 23.6 |
| Aldeanos / militares | 169 / 130 |
Foco
⚔️ 33.2% · 🌾 66.8%
Knight ×77 · Throwing Axeman ×28 · Scout Cavalry ×10 · Spearman ×9 · Monk ×3 · Trebuchet (Packed) ×3
Feudal
8:26
Castillos
20:33
Imperial
35:30
| APM promedio | 47.8 |
| APM pico | 77 |
| eAPM promedio | 20.2 |
| Aldeanos / militares | 169 / 105 |
Foco
⚔️ 29.7% · 🌾 70.3%
Spearman ×48 · Knight ×18 · Leitis ×13 · Scout Cavalry ×11 · Monk ×10 · Skirmisher ×4
Mapa de la partida
Recursos iniciales + cada clic de construcción. Líneas = muros · curvas = relieve. ◆ oro · ⬟ piedra · ● bayas · ✦ reliquia · ◌ hueco del cierre
Tu base· ✓ Cerrada en 21:28 · 42t muro · 1 puerta(s)
Base de Euro050· ✓ Cerrada en 20:33 · 43t muro · 1 puerta(s)
Terreno inicial suavizado · ◌ = hueco del cierre detectado · pasá el cursor para detalles
Inputs por minuto
— Lord Ramsbottom - - Euro050
Build order — Lord Ramsbottom
Primeras 150 de 529 acciones detectadas
| 0:01 | Crear | Villager (Male) ×4 |
| 0:02 | Construir | House |
| 0:03 | Construir | House |
| 1:31 | Crear | Villager (Male) |
| 2:02 | Crear | Villager (Male) |
| 2:02 | Crear | Villager (Male) |
| 2:18 | Construir | Lumber Camp |
| 2:28 | Crear | Villager (Male) |
| 2:41 | Crear | Villager (Male) |
| 3:01 | Crear | Villager (Male) |
| 3:01 | Crear | Villager (Male) |
| 3:40 | Crear | Villager (Male) |
| 3:41 | Crear | Villager (Male) |
| 3:54 | Construir | House |
| 3:55 | Construir | House |
| 4:12 | Crear | Villager (Male) |
| 4:12 | Crear | Villager (Male) |
| 4:12 | Crear | Villager (Male) |
| 4:38 | Crear | Villager (Male) |
| 5:02 | Crear | Villager (Male) |
| 5:55 | Crear | Villager (Male) |
| 6:23 | Crear | Villager (Male) |
| 6:41 | Investigar | Loom |
| 7:26 | Crear | Villager (Male) |
| 7:38 | Construir | Mill |
| 7:54 | Crear | Villager (Male) |
| 8:13 | Investigar | Feudal Age |
| 8:32 | Construir | Barracks |
| 8:33 | Construir | House |
| 8:36 | Construir | House |
| 8:41 | Crear | Villager (Male) |
| 8:41 | Crear | Villager (Male) |
| 8:55 | Construir | House |
| 9:36 | Construir | House |
| 9:39 | Construir | Palisade Wall |
| 10:00 | Construir | House |
| 10:01 | Construir | Palisade Wall |
| 10:29 | Edad | Edad Feudal |
| 10:31 | Crear | Spearman |
| 10:32 | Crear | Spearman |
| 10:36 | Construir | Stable |
| 10:41 | Investigar | Double-Bit Axe |
| 10:51 | Crear | Spearman |
| 11:01 | Crear | Spearman |
| 11:08 | Construir | Archery Range |
| 11:14 | Crear | Villager (Male) |
| 11:21 | Crear | Villager (Male) |
| 11:23 | Crear | Spearman |
| 11:39 | Crear | Scout Cavalry |
| 11:40 | Crear | Scout Cavalry |
| 11:49 | Construir | House |
| 11:50 | Construir | Palisade Wall |
| 11:54 | Construir | Farm |
| 11:58 | Construir | Farm |
| 12:08 | Crear | Villager (Male) |
| 12:22 | Construir | Farm |
| 12:24 | Construir | Farm |
| 12:26 | Construir | Farm |
| 12:30 | Crear | Villager (Male) |
| 12:48 | Crear | Villager (Male) |
| 12:59 | Construir | Farm |
| 13:02 | Construir | Farm |
| 13:04 | Construir | Farm |
| 13:21 | Construir | House |
| 13:22 | Crear | Villager (Male) |
| 13:23 | Crear | Scout Cavalry |
| 13:46 | Crear | Spearman |
| 13:57 | Crear | Villager (Male) |
| 13:57 | Crear | Villager (Male) |
| 14:01 | Construir | House |
| 14:02 | Construir | Palisade Wall |
| 14:15 | Construir | Farm |
| 14:20 | Crear | Spearman |
| 14:25 | Construir | Farm |
| 14:28 | Construir | Farm |
| 14:30 | Construir | Farm |
| 14:31 | Crear | Villager (Male) |
| 14:46 | Crear | Spearman |
| 14:52 | Construir | Farm |
| 14:55 | Construir | House |
| 14:56 | Construir | Palisade Wall |
| 15:38 | Crear | Villager (Male) |
| 15:42 | Construir | Farm |
| 16:03 | Crear | Villager (Male) |
| 16:18 | Crear | Villager (Male) |
| 16:19 | Crear | Spearman |
| 16:21 | Construir | Farm |
| 16:35 | Construir | Farm |
| 16:47 | Construir | Mining Camp |
| 17:08 | Investigar | Wheelbarrow |
| 17:15 | Construir | House |
| 17:16 | Construir | Palisade Wall |
| 18:07 | Construir | Market |
| 18:23 | Crear | Villager (Male) |
| 18:36 | Crear | Scout Cavalry |
| 18:37 | Crear | Scout Cavalry |
| 18:46 | Investigar | Castle Age |
| 18:46 | Investigar | Castle Age |
| 18:52 | Construir | House |
| 18:53 | Construir | Palisade Wall |
| 19:34 | Crear | Scout Cavalry |
| 19:55 | Construir | Stable |
| 19:56 | Construir | Palisade Wall |
| 20:01 | Construir | Palisade Gate |
| 20:06 | Crear | Scout Cavalry |
| 20:50 | Construir | Blacksmith |
| 21:23 | Investigar | Scale Barding Armor |
| 21:23 | Investigar | Scale Barding Armor |
| 21:25 | Crear | Villager (Male) |
| 21:28 | Edad | Edad de los Castillos |
| 21:29 | Investigar | Light Cavalry (upgrade) |
| 21:31 | Crear | Knight |
| 21:31 | Crear | Knight |
| 21:34 | Crear | Villager (Male) |
| 21:37 | Investigar | Forging |
| 21:37 | Investigar | Forging |
| 21:52 | Construir | Town Center |
| 22:08 | Crear | Scout Cavalry |
| 22:23 | Crear | Knight |
| 22:24 | Crear | Villager (Male) |
| 22:24 | Crear | Villager (Male) |
| 22:24 | Crear | Villager (Male) |
| 22:40 | Crear | Knight |
| 23:06 | Construir | Monastery |
| 23:12 | Crear | Villager (Male) |
| 23:13 | Crear | Villager (Male) |
| 23:14 | Crear | Knight |
| 23:14 | Crear | Knight |
| 23:37 | Crear | Monk |
| 23:58 | Crear | Villager (Male) |
| 24:17 | Crear | Villager (Male) |
| 24:17 | Crear | Villager (Male) |
| 24:17 | Crear | Villager (Male) |
| 24:17 | Crear | Villager (Male) |
| 24:20 | Construir | Town Center |
| 24:28 | Investigar | Gold Mining |
| 24:30 | Crear | Monk |
| 24:39 | Construir | House |
| 24:40 | Construir | House |
| 25:02 | Crear | Villager (Male) |
| 25:04 | Crear | Knight |
| 25:04 | Crear | Knight |
| 25:07 | Investigar | Fervor |
| 25:07 | Investigar | Fervor |
| 25:22 | Crear | Villager (Male) |
| 25:30 | Crear | Villager (Male) |
| 25:30 | Crear | Villager (Male) |
| 25:49 | Investigar | Devotion |
| 26:10 | Crear | Villager (Male) |
| 26:10 | Crear | Villager (Male) |
Build order — Euro050
Primeras 150 de 373 acciones detectadas
| 0:00 | Crear | Villager (Male) ×5 |
| 0:02 | Construir | House |
| 0:03 | Construir | House |
| 1:02 | Crear | Villager (Male) |
| 1:28 | Crear | Villager (Male) |
| 1:47 | Construir | Lumber Camp |
| 2:10 | Crear | Villager (Male) |
| 2:27 | Crear | Villager (Male) |
| 3:00 | Construir | House |
| 3:13 | Crear | Villager (Male) |
| 3:13 | Crear | Villager (Male) |
| 4:12 | Construir | Mill |
| 4:29 | Crear | Villager (Male) |
| 4:29 | Crear | Villager (Male) |
| 4:30 | Crear | Villager (Male) |
| 4:31 | Crear | Villager (Male) |
| 5:25 | Investigar | Loom |
| 6:09 | Investigar | Feudal Age |
| 6:47 | Crear | Villager (Male) |
| 7:02 | Construir | Barracks |
| 7:27 | Construir | Palisade Wall |
| 7:35 | Construir | House |
| 7:48 | Construir | House |
| 8:07 | Construir | House |
| 8:26 | Edad | Edad Feudal |
| 8:31 | Construir | Stable |
| 8:42 | Construir | House |
| 8:45 | Construir | Palisade Wall |
| 8:51 | Crear | Villager (Male) |
| 8:51 | Crear | Villager (Male) |
| 9:04 | Construir | House |
| 9:06 | Construir | Palisade Wall |
| 9:08 | Investigar | Double-Bit Axe |
| 9:19 | Crear | Scout Cavalry |
| 9:19 | Crear | Scout Cavalry |
| 9:34 | Crear | Villager (Male) |
| 9:36 | Construir | Farm |
| 9:53 | Construir | Farm |
| 10:02 | Crear | Villager (Male) |
| 10:06 | Construir | Farm |
| 10:24 | Crear | Villager (Male) |
| 10:28 | Construir | Farm |
| 10:36 | Construir | Farm |
| 10:48 | Construir | House |
| 10:49 | Construir | Palisade Wall |
| 10:50 | Construir | Palisade Wall |
| 10:57 | Crear | Villager (Male) |
| 11:02 | Construir | Farm |
| 11:12 | Crear | Scout Cavalry |
| 11:17 | Crear | Villager (Male) |
| 11:36 | Crear | Villager (Male) |
| 11:41 | Construir | Farm |
| 11:45 | Crear | Villager (Male) |
| 11:48 | Construir | Farm |
| 12:07 | Crear | Villager (Male) |
| 12:15 | Construir | House |
| 12:22 | Crear | Villager (Male) |
| 12:46 | Construir | Archery Range |
| 12:51 | Crear | Spearman |
| 13:11 | Crear | Scout Cavalry |
| 13:19 | Construir | Farm |
| 13:22 | Crear | Villager (Male) |
| 13:22 | Crear | Villager (Male) |
| 13:29 | Construir | Farm |
| 13:42 | Construir | Farm |
| 13:44 | Construir | Farm |
| 13:50 | Construir | Palisade Wall |
| 14:05 | Construir | Farm |
| 14:10 | Crear | Villager (Male) |
| 14:13 | Construir | Farm |
| 14:26 | Construir | Palisade Wall |
| 14:32 | Crear | Skirmisher |
| 14:32 | Crear | Skirmisher |
| 14:39 | Crear | Villager (Male) |
| 14:41 | Construir | House |
| 14:43 | Construir | Palisade Wall |
| 14:49 | Construir | House |
| 14:53 | Construir | Palisade Wall |
| 15:03 | Crear | Villager (Male) |
| 15:03 | Crear | Villager (Male) |
| 15:24 | Crear | Villager (Male) |
| 15:24 | Crear | Skirmisher |
| 15:35 | Construir | Mining Camp |
| 15:50 | Crear | Skirmisher |
| 16:01 | Construir | House |
| 16:02 | Construir | House |
| 16:05 | Construir | House |
| 16:07 | Construir | Palisade Wall |
| 16:09 | Construir | Palisade Wall |
| 16:18 | Construir | House |
| 16:19 | Construir | Palisade Wall |
| 16:24 | Crear | Villager (Male) |
| 16:24 | Crear | Villager (Male) |
| 16:29 | Construir | Palisade Wall |
| 16:33 | Construir | Palisade Wall |
| 16:34 | Construir | Palisade Wall |
| 16:42 | Crear | Scout Cavalry |
| 16:42 | Crear | Scout Cavalry |
| 17:24 | Crear | Villager (Male) |
| 17:32 | Construir | House |
| 17:44 | Construir | House |
| 17:53 | Investigar | Castle Age |
| 18:34 | Construir | Palisade Gate |
| 18:46 | Investigar | Bloodlines |
| 19:29 | Investigar | Horse Collar |
| 19:53 | Crear | Villager (Male) |
| 19:53 | Crear | Villager (Male) |
| 20:33 | Edad | Edad de los Castillos |
| 20:38 | Construir | Monastery |
| 20:39 | Construir | Farm |
| 20:43 | Investigar | Light Cavalry (upgrade) |
| 20:43 | Investigar | Husbandry |
| 20:46 | Crear | Villager (Male) |
| 21:20 | Construir | Blacksmith |
| 21:22 | Crear | Monk |
| 21:23 | Crear | Monk |
| 22:07 | Crear | Villager (Male) |
| 22:07 | Crear | Villager (Male) |
| 22:09 | Investigar | Elite Skirmisher (upgrade) |
| 22:10 | Investigar | Fletching |
| 22:30 | Investigar | Padded Archer Armor |
| 22:33 | Construir | Farm |
| 22:34 | Crear | Villager (Male) |
| 22:34 | Crear | Villager (Male) |
| 22:35 | Crear | Scout Cavalry |
| 22:36 | Crear | Scout Cavalry |
| 22:36 | Crear | Scout Cavalry |
| 22:51 | Crear | Monk |
| 23:03 | Crear | Villager (Male) |
| 23:06 | Investigar | Scale Barding Armor |
| 23:11 | Investigar | Bodkin Arrow |
| 23:17 | Investigar | Scale Barding Armor |
| 23:38 | Crear | Monk |
| 24:05 | Crear | Villager (Male) |
| 24:05 | Crear | Villager (Male) |
| 24:13 | Construir | Town Center |
| 24:16 | Crear | Scout Cavalry |
| 24:17 | Crear | Scout Cavalry |
| 24:25 | Crear | Monk |
| 24:30 | Crear | Villager (Male) |
| 24:30 | Crear | Villager (Male) |
| 24:31 | Investigar | Bow Saw |
| 25:14 | Crear | Villager (Male) |
| 25:54 | Crear | Villager (Male) |
| 25:54 | Crear | Villager (Male) |
| 25:59 | Construir | Town Center |
| 26:10 | Crear | Villager (Male) |
| 26:10 | Crear | Villager (Male) |
| 26:15 | Investigar | Sanctity |
| 26:16 | Investigar | Atonement |
Cronología de la partida
| 7:02 | Euro050 · first_building Barracks |
| 7:27 | Euro050 · wall_segment Palisade Wall x1 |
| 8:26 | Euro050 · age_up feudal |
| 8:31 | Euro050 · first_building Stable |
| 8:32 | Lord Ramsbottom · first_building Barracks |
| 8:45 | Euro050 · wall_segment Palisade Wall x10 |
| 9:06 | Euro050 · wall_segment Palisade Wall x5 |
| 9:39 | Lord Ramsbottom · wall_segment Palisade Wall x5 |
| 10:01 | Lord Ramsbottom · wall_segment Palisade Wall x6 |
| 10:29 | Lord Ramsbottom · age_up feudal |
| 10:36 | Lord Ramsbottom · first_building Stable |
| 10:49 | Euro050 · wall_segment Palisade Wall x1 |
| 10:50 | Euro050 · wall_segment Palisade Wall x1 |
| 11:08 | Lord Ramsbottom · first_building Archery Range |
| 11:50 | Lord Ramsbottom · wall_segment Palisade Wall x1 |
| 12:46 | Euro050 · first_building Archery Range |
| 13:50 | Euro050 · wall_segment Palisade Wall x5 |
| 14:02 | Lord Ramsbottom · wall_segment Palisade Wall x4 |
| 14:26 | Euro050 · wall_segment Palisade Wall x1 |
| 14:43 | Euro050 · wall_segment Palisade Wall x4 |
| 14:53 | Euro050 · wall_segment Palisade Wall x7 |
| 14:56 | Lord Ramsbottom · wall_segment Palisade Wall x9 |
| 16:07 | Euro050 · wall_segment Palisade Wall x1 |
| 16:09 | Euro050 · wall_segment Palisade Wall x1 |
| 16:19 | Euro050 · wall_segment Palisade Wall x4 |
| 16:29 | Euro050 · wall_segment Palisade Wall x1 |
| 16:33 | Euro050 · wall_segment Palisade Wall x1 |
| 16:34 | Euro050 · wall_segment Palisade Wall x1 |
| 17:16 | Lord Ramsbottom · wall_segment Palisade Wall x4 |
| 18:45 | Lord Ramsbottom · first_market_sell 100 food |
| 18:53 | Lord Ramsbottom · wall_segment Palisade Wall x13 |
| 19:56 | Lord Ramsbottom · wall_segment Palisade Wall x1 |
| 20:33 | Euro050 · age_up castle |
| 20:38 | Euro050 · first_building Monastery |
| 20:49 | Lord Ramsbottom · first_market_buy 100 wood |
| 21:28 | Lord Ramsbottom · age_up castle |
| 23:06 | Lord Ramsbottom · first_building Monastery |
| 26:28 | Lord Ramsbottom · wall_segment Palisade Wall x4 |
| 30:46 | Euro050 · first_market_buy 100 food |
| 34:41 | Lord Ramsbottom · first_building Castle |
| 35:30 | Euro050 · age_up imperial |
| 37:40 | Lord Ramsbottom · wall_segment Stone Wall x11 |
| 39:28 | Euro050 · first_building Castle |
| 39:34 | Lord Ramsbottom · age_up imperial |
| 41:53 | Lord Ramsbottom · wall_segment Stone Wall x11 |
| 41:56 | Euro050 · wall_segment Stone Wall x9 |
| 44:37 | Lord Ramsbottom · wall_segment Stone Wall x1 |
| 44:44 | Euro050 · first_market_sell 100 food |
| 44:56 | Lord Ramsbottom · wall_segment Stone Wall x11 |
| 45:38 | Euro050 · resign |
[ ANÁLISIS IA · 1 CRÉDITO ]
¿Qué pasó realmente en esta partida?
Wolo.gg analiza cada decisión: build order, eco, micro, errores típicos por bracket. Análisis personalizado por WhatsApp o Discord en 30 segundos.
Guía civ
Francos
Perfil
Jugador #13655128